 Dungeon Crawl Stone Soup version 0.27-a0-650-g8dd3ea4f36 (webtiles) character file.

Game seed: 3002376661260389567

151 jestyr24 the Digger (level 5, -1/28 HPs)
             Began as a Gargoyle Earth Elementalist on Mar 15, 2021.
             Slain by an ice beast (2 damage)
             ... on level 3 of the Dungeon on Mar 16, 2021.
             The game lasted 00:19:47 (3706 turns).

jestyr24 the Digger (Gargoyle Earth Elementalist)   Turns: 3706, Time: 00:19:47

Health: -1/28      AC:  8    Str: 11    XL:     5   Next: 33%
Magic:  0/9        EV: 12    Int: 17    God:
Gold:   112        SH:  0    Dex: 10    Spells: 2/10 levels left

rFire    . . .     SeeInvis .   l - +0 mace
rCold    . . .     Faith    .   (no shield)
rNeg     + . .     Spirit   .   c - +0 robe
rPois    ∞         Reflect  .   i - +0 helmet
rElec    +         Harm     .   (no cloak)
rCorr    .         Rampage  .   (no gloves)
Will     .....                  m - +0 pair of boots
Stlth    ++........             (no amulet)
HPRegen  0.09/turn              d - ring of wizardry
MPRegen  0.11/turn              (no ring)

@: no status effects
A: AC +4, negative energy resistance 1, electricity resistance, torment
resistance 1, unbreathing 1, petrification resistance
a: no special abilities


You were on level 3 of the Dungeon.
You visited 1 branch of the dungeon, and saw 3 of its levels.

You collected 112 gold pieces.

Inventory:

Hand Weapons
 l - a +0 mace (weapon)
 o - a +1 short sword of protection
Missiles
 b - 68 stones
 n - 69 arrows
Armour
 a - a +0 pair of boots
 c - a +0 robe (worn)
 i - a +0 helmet (worn)
 m - a +0 pair of boots (worn)
Jewellery
 d - a ring of wizardry (right hand)
 q - a ring of flight
Scrolls
 e - a scroll of enchant armour {unknown}
 g - 6 scrolls of identify {unknown}
 h - 2 scrolls of teleportation {unknown}
 p - a scroll of amnesia {unknown}
 s - a scroll of magic mapping {unknown}
Potions
 f - a potion of resistance {unknown}
 j - a potion of lignification {unknown}
 k - a potion of curing {unknown}
 r - a potion of brilliance {unknown}


   Skills:
 + Level 0.2 Fighting
 - Level 1.3 Maces & Flails
 - Level 1.6 Dodging
 - Level 2.7 Stealth
 + Level 3.1 Spellcasting
 * Level 0.9 Conjurations
 * Level 1.1 Transmutations
 + Level 5.2 Earth Magic


You had 2 spell levels left.
You knew the following spells:

 Your Spells              Type           Power      Damage    Failure   Level
a - Sandblast             Erth           40%        2d10      1%          1
b - Stone Arrow           Conj/Erth      26%        3d8       6%          3
c - Petrify               Tmut/Erth      13%        N/A       19%         4

Your spell library contained the following spells:

 Spells                   Type           Power      Damage    Failure   Level
 Passwall                 Tmut/Erth      10%        N/A       2%          2
 Lee's Rapid Deconstruct  Erth           10%        3d9*      22%         5


Dungeon Overview and Level Annotations

Branches:
Dungeon (3/15)

Altars:
Elyvilon
Gozag
Nemelex Xobeh


Innate Abilities, Weirdness & Mutations

Your stone body is resilient. (AC +4)
You are immune to poison.
You resist negative energy. (rN+)
You are resistant to electric shocks. (rElec)
You are resistant to unholy torment.
You can survive without breathing.
You are immune to petrification.


Message History

You see here 4 stones.
Casting: Sandblast (safe; 1% risk of failure)
Confirm with . or Enter, or press ? or * to list all spells.
The spell is quite dangerous to cast (6% risk of failure)!
Continue anyway?
Aiming: Stone Arrow (quite dangerous; 6% risk of failure)
Press: ? - help, Shift-Dir - straight line, f - ice beast
Aim: an ice beast (wandering, hasn't noticed you, 32% to evade)
The stone arrow hits the ice beast!
The ice beast is heavily wounded.
The ice beast hits you. The ice beast freezes you!
Casting: Stone Arrow (quite dangerous; 6% risk of failure)
Confirm with . or Enter, or press ? or * to list all spells.
The spell is quite dangerous to cast (6% risk of failure)!
Continue anyway?
Aiming: Stone Arrow (quite dangerous; 6% risk of failure)
Press: ? - help, Shift-Dir - straight line, f/p - ice beast
Aim: an ice beast (heavily wounded, 32% to evade)
The stone arrow hits the ice beast!
The ice beast is almost dead.
The ice beast hits you but does no damage.
You hit the ice beast but do no damage.
The ice beast is almost dead.
The ice beast barely misses you. The ice beast completely misses you.
You barely miss the ice beast.
The ice beast is almost dead.
The ice beast hits you but does no damage.
You hit the ice beast but do no damage.
The ice beast is almost dead.
The ice beast misses you.
You barely miss the ice beast.
The ice beast is almost dead.
The ice beast hits you. The ice beast freezes you!
* * * LOW HITPOINT WARNING * * *
The ice beast hits you but does no damage.
Casting: Stone Arrow (quite dangerous; 6% risk of failure)
Confirm with . or Enter, or press ? or * to list all spells.
Aiming: Sandblast (safe; 1% risk of failure)
Press: ? - help, Shift-Dir - straight line, f/p - ice beast
Aim: an ice beast (almost dead, 19% to evade)
The blast of sand misses the ice beast.
The ice beast hits you.
You die...

..........#......## #.##
....###....)...##### #....
..........#...## #.. ....### ###
.....##......... ....$.... ...
................####... #.###..#
............#........#####...#†##
........#.....#..##.......##.....
######.#..# #....Y......#........
#.#.## #.@##..............
####...# ##.#..#...#####....
#.....## #........# ...## #.....#
##........# .### ##.....#
#...###†..# # #......#######.)##
#...# #...............# #...#
#................# #.....
#.......######...######..##


You could see an ice beast.

Vanquished Creatures
  A bullfrog skeleton (D:3)
  5 adders
  6 worms (D:2)
  2 dart slugs
  A leopard gecko (D:2)
  An orc (D:2)
  8 bats
  3 giant cockroaches
  5 goblins
  6 hobgoblins
  3 quokkas
  3 frilled lizards
  9 kobolds
  7 rats
60 creatures vanquished.

Notes
Turn   | Place    | Note
-------+----------+-------------------------------------------
     0 | D:1      | jestyr24 the Gargoyle Earth Elementalist began the quest
                  | for the Orb.
     0 | D:1      | Reached XP level 1. HP: 10/10 MP: 3/3
   613 | D:1      | Reached skill level 4 in Earth Magic
   613 | D:1      | Reached XP level 2. HP: 15/15 MP: 5/5
  1461 | D:2      | Reached XP level 3. HP: 4/19 MP: 1/6
  1875 | D:2      | Found an opulent altar of Gozag.
  1875 | D:2      | Found a sparkling altar of Nemelex Xobeh.
  2302 | D:2      | Reached skill level 1 in Maces & Flails
  2574 | D:2      | Reached XP level 4. HP: 16/24 MP: 4/7
  3051 | D:2      | Found a white marble altar of Elyvilon.
  3301 | D:2      | Learned a level 3 spell: Stone Arrow
  3306 | D:2      | Learned a level 4 spell: Petrify
  3376 | D:3      | Reached skill level 5 in Earth Magic
  3656 | D:3      | Reached skill level 1 in Transmutations
  3656 | D:3      | Reached XP level 5. HP: 28/28 MP: 5/9
  3696 | D:3      | Noticed an ice beast
  3705 | D:3      | HP: 1/28 [ice beast (8)]
  3706 | D:3      | Slain by an ice beast

Illustrated notes

Levels and vault maps discovered:
D:1:      saegor_arrival_simple_d, layout_basic
D:2:      layout_loops_ring, grunt_temple_overflow_opulence, lemuel_round_altar,
          kennysheep_generic_room_12, uniq_crazy_yiuf_cottage
D:3:      layout_rooms

Skill      XL: |  1  2  3  4  5 |
---------------+----------------+-----
Earth Magic    | 4 5 |  5.2
Maces & Flails | 1 |  1.3
Transmutations | 1 |  1.1
Spellcasting   | 3 |  3.1
Fighting       | |  0.2
Dodging        | |  1.6
Stealth        | |  2.7
Conjurations   | |  0.9

Action                   |  1- 3 |  4- 6 || total
-------------------------+-------+-------++-------
Melee: Unarmed           |    36 |       ||    36
       Dagger            |    48 |       ||    48
       Mace              |    78 |    47 ||   125
 Cast: Sandblast         |    30 |    21 ||    51
       Stone Arrow       |       |     6 ||     6
 Stab: Sleeping          |     4 |     4 ||     8
Armor: Robe              |    99 |    20 ||   119
Dodge: Dodged            |   159 |    45 ||   204

Table legend: (Time is in decaauts)
 A = Elapsed time spent in this place.
 B = Non-inter-level travel time spent in this place.
 C = Inter-level travel time spent in this place.
 D = Time resting spent in this place.
 E = Time spent auto-exploring this place.
 F = Levels seen in this place.
 G = Mean time per level.
                   A        B        C        D        E       F      G
               +--------+--------+--------+--------+--------+-----+--------+
         Total |   3753 |   3621 |    132 |   1220 |   1502 |   3 | 1251.0 |
       Dungeon |   3753 |   3621 |    132 |   1220 |   1502 |   3 | 1251.0 |
               +--------+--------+--------+--------+--------+-----+--------+

Top non-repeatable levels by time:
     D:2: 2143 daAuts
     D:1: 1195 daAuts
     D:3: 414 daAuts
